 Dungeon Crawl Stone Soup version 0.28-a0-95-g65e1ffefe4 (webtiles) character file.

Game seed: 18117581571072675513

86 Houston the Digger (level 4, -3/32 HPs)
             Began as a Gnoll Earth Elementalist on Aug 8, 2021.
             Slain by a wyvern zombie (12 damage)
             ... on level 3 of the Dungeon.
             The game lasted 00:12:16 (1701 turns).

Houston the Digger (Gnoll Earth Elementalist)       Turns: 1701, Time: 00:12:16

Health: -3/32      AC:  7    Str:  8    XL:     4   Next: 49%
Magic:  9/11       EV: 11    Int: 15    God:
Gold:   124        SH:  0    Dex: 12    Spells: 9/13 levels left

rFire   . . .      SeeInvis .   i - +0 short sword
rCold   . . .      Faith    .   (no shield)
rNeg    . . .      Spirit   .   d - +0 ring mail
rPois   .          Reflect  .   p - +1 helmet
rElec   .          Harm     .   (no cloak)
rCorr   .          Rampage  .   (no gloves)
Will    .....                   (no boots)
Stlth   ++........              e - amulet of regeneration
HPRegen 1.10/turn               (no ring)
MPRegen 0.12/turn               (no ring)

@: very slightly contaminated
A: fangs 1, strong nose, distributed training
a: no special abilities


You were on level 3 of the Dungeon.
You visited 1 branch of the dungeon, and saw 3 of its levels.

You collected 124 gold pieces.

Inventory:

Hand Weapons
 g - a +0 hunting sling
 i - a +0 short sword (weapon)
 m - a +0 hand axe
Missiles
 c - 51 stones
 f - 16 arrows
 j - 23 poisoned darts (quivered)
Armour
 b - a +0 robe
 d - a +0 ring mail (worn)
 p - a +1 helmet (worn)
Jewellery
 e - an amulet of regeneration (around neck)
Scrolls
 a - a scroll of enchant armour {unknown}
 k - a scroll of fear {unknown}
 l - 2 scrolls of identify {unknown}
Potions
 h - 2 potions of haste {unknown}
 n - a potion of curing {unknown}
 o - a potion of attraction {unknown}
 q - a potion of cancellation {unknown}


   Skills:
 + Level 1.1 Fighting
 + Level 1.1 Short Blades
 + Level 1.1 Long Blades
 + Level 1.1 Axes
 + Level 1.1 Maces & Flails
 + Level 1.1 Polearms
 + Level 1.1 Staves
 + Level 1.1 Slings
 + Level 1.1 Bows
 + Level 1.1 Crossbows
 + Level 1.1 Throwing
 + Level 1.1 Armour
 + Level 4.6 Dodging
 + Level 4.2 Stealth
 + Level 1.1 Shields
 + Level 1.1 Unarmed Combat
 + Level 5.1 Spellcasting
 + Level 0.9 Conjurations
 + Level 0.9 Hexes
 + Level 0.9 Summonings
 + Level 0.9 Necromancy
 + Level 0.9 Translocations
 + Level 2.2 Transmutations
 + Level 0.9 Fire Magic
 + Level 0.9 Ice Magic
 + Level 0.9 Air Magic
 + Level 5.4 Earth Magic
 + Level 0.9 Poison Magic
 + Level 1.2 Invocations
 + Level 1.1 Evocations


You had 9 spell levels left.
You knew the following spells:

 Your Spells              Type           Power      Damage    Failure   Level
a - Sandblast             Erth           40%        2d10      4%          1
b - Stone Arrow           Conj/Erth      26%        3d8       36%         3

Your spell library contained the following spells:

 Spells                   Type           Power      Damage    Failure   Level
 Passwall                 Tmut/Erth      12%        N/A       16%         2
 Petrify                  Tmut/Erth      15%        N/A       69%         4


Dungeon Overview and Level Annotations

Branches:
Dungeon (3/15)

Altars:

Annotations:
D:2 Jessica


Innate Abilities, Weirdness & Mutations

You have very sharp teeth.
Your uncanny sense of smell can sniff out nearby items.
Your experience applies equally to all skills.


Message History

There is a stone staircase leading up here.
You see here a +0 spear.
You now have 113 gold pieces (gained 16).
You now have 124 gold pieces (gained 11).
q - a lumpy orange potion A wyvern zombie comes into view.
Press: ? - help, . - travel You can't see that place.
Casting: Stone Arrow (quite dangerous; 36% risk of failure)
Confirm with . or Enter, or press ? or * to list all spells.
The spell is quite dangerous to cast (36% risk of failure)!
Continue anyway?
Aiming: Stone Arrow (quite dangerous; 36% risk of failure)
Press: ? - help, Shift-Dir - straight line, f - wyvern zombie
Aim: a wyvern zombie (89% to hit)
You miscast Stone Arrow.
You are very lightly contaminated with residual magic.
The air around you crackles with energy!
You hit the wyvern zombie but do no damage.
The wyvern zombie bites you.
You hit the wyvern zombie.
The wyvern zombie is lightly damaged.
The wyvern zombie closely misses you. The wyvern zombie bites you!
You hit the wyvern zombie but do no damage.
The wyvern zombie is lightly damaged.
The wyvern zombie bites you.
You hit the wyvern zombie.
The wyvern zombie is lightly damaged.
The wyvern zombie closely misses you. x2
You hit the wyvern zombie.
The wyvern zombie is lightly damaged.
The wyvern zombie closely misses you.
You hit the wyvern zombie.
The wyvern zombie is moderately damaged.
The wyvern zombie closely misses you.
You hit the wyvern zombie.
The wyvern zombie is moderately damaged.
The wyvern zombie bites you!
* * * LOW HITPOINT WARNING * * *
The wyvern zombie bites you!
You die...

. ## . #. . #.##. .
..#.#..## .. #.......# ...
#.......# ....
#.......##.....
###################........
..<.............@Z..##.....
.........############ ...
........## . ........#
........# ).......#
#########


You could see a wyvern zombie.

Vanquished Creatures
  Robin (D:2)
  2 adders (D:2)
  A worm (D:2)
  A dart slug (D:2)
  2 endoplasms (D:1)
  2 giant cockroaches (D:1)
  13 goblins
  6 hobgoblins
  3 jackals (D:1)
  4 kobolds (D:1)
  3 quokkas
  3 ball pythons (D:1)
  3 bats
  A frilled lizard (D:1)
  3 rats
48 creatures vanquished.

Notes
Turn   | Place    | Note
-------+----------+-------------------------------------------
     0 | D:1      | Houston the Gnoll Earth Elementalist began the quest for
                  | the Orb.
     0 | D:1      | Reached XP level 1. HP: 13/13 MP: 6/6
   202 | D:1      | Reached XP level 2. HP: 14/19 MP: 4/7
   494 | D:1      | Found a faded altar of an unknown god.
   664 | D:1      | Reached XP level 3. HP: 25/25 MP: 9/9
   695 | D:1      | Reached skill level 5 in Spellcasting
   825 | D:2      | Learned a level 3 spell: Stone Arrow
  1075 | D:2      | Reached skill level 1 in Invocations
  1131 | D:2      | Reached skill level 1 in Fighting
  1131 | D:2      | Reached skill level 1 in Short Blades
  1131 | D:2      | Reached skill level 1 in Long Blades
  1131 | D:2      | Reached skill level 1 in Axes
  1131 | D:2      | Reached skill level 1 in Maces & Flails
  1131 | D:2      | Reached skill level 1 in Polearms
  1131 | D:2      | Reached skill level 1 in Staves
  1131 | D:2      | Reached skill level 1 in Slings
  1131 | D:2      | Reached skill level 1 in Bows
  1131 | D:2      | Reached skill level 1 in Crossbows
  1131 | D:2      | Reached skill level 1 in Throwing
  1131 | D:2      | Reached skill level 1 in Armour
  1131 | D:2      | Reached skill level 1 in Shields
  1131 | D:2      | Reached skill level 1 in Unarmed Combat
  1131 | D:2      | Reached skill level 1 in Evocations
  1153 | D:2      | Noticed Robin
  1210 | D:2      | Killed Robin
  1211 | D:2      | Reached XP level 4. HP: 24/32 MP: 6/11
  1470 | D:2      | Noticed Jessica
  1613 | D:3      | Noticed a black bear
  1701 | D:3      | Slain by a wyvern zombie

Illustrated notes

Levels and vault maps discovered:
D:1:      zelgadis_glass_arrival_small, layout_basic,
          ebering_ecumenical_altar_box
D:2:      layout_basic, uniq_robin, uniq_jessica
D:3:      layout_rooms, amcnicky_altar_gilded, gammafunk_ghost_necromancy

Skill      XL: |  1  2  3 |
---------------+----------+-----
Transmutations | 2 |  2.2
Spellcasting   | 5 |  5.1
Invocations    | 1 |  1.2
Fighting       | 1 |  1.1
Short Blades   | 1 |  1.1
Long Blades    | 1 |  1.1
Axes           | 1 |  1.1
Maces & Flails | 1 |  1.1
Polearms       | 1 |  1.1
Staves         | 1 |  1.1
Slings         | 1 |  1.1
Bows           | 1 |  1.1
Crossbows      | 1 |  1.1
Throwing       | 1 |  1.1
Armour         | 1 |  1.1
Shields        | 1 |  1.1
Unarmed Combat | 1 |  1.1
Evocations     | 1 |  1.1
Dodging        | |  4.6
Stealth        | |  4.2
Conjurations   | |  0.9
Hexes          | |  0.9
Summonings     | |  0.9
Necromancy     | |  0.9
Translocations | |  0.9
Fire Magic     | |  0.9
Ice Magic      | |  0.9
Air Magic      | |  0.9
Earth Magic    | |  5.4
Poison Magic   | |  0.9

Action                   |  1- 3 |  4- 6 || total
-------------------------+-------+-------++-------
Melee: Unarmed           |     8 |       ||     8
       Bite              |     7 |       ||     7
       Short sword       |    79 |    33 ||   112
       Hunting sling     |     9 |       ||     9
 Fire: Hunting sling     |    54 |       ||    54
Throw: Dart              |    12 |     6 ||    18
 Cast: Sandblast         |    15 |       ||    15
       Stone Arrow       |     4 |     2 ||     6
Armor: Ring mail         |    63 |     4 ||    67
       Robe              |     1 |       ||     1
Dodge: Dodged            |    94 |    20 ||   114

Table legend: (Time is in decaauts)
 A = Elapsed time spent in this place.
 B = Non-inter-level travel time spent in this place.
 C = Inter-level travel time spent in this place.
 D = Time resting spent in this place.
 E = Time spent auto-exploring this place.
 F = Levels seen in this place.
 G = Mean time per level.
                   A        B        C        D        E       F      G
               +--------+--------+--------+--------+--------+-----+--------+
         Total |   1719 |   1705 |     14 |      0 |    750 |   3 |  573.0 |
       Dungeon |   1719 |   1705 |     14 |      0 |    750 |   3 |  573.0 |
               +--------+--------+--------+--------+--------+-----+--------+

Top non-repeatable levels by time:
     D:2: 866 daAuts
     D:1: 803 daAuts
     D:3: 50 daAuts
